 Dungeon Crawl Stone Soup version 0.15.1-1-gfacfea3 (webtiles) character file.

753 CrazyArbalest the Covert (level 7, -1/34 HPs)
             Began as a Spriggan Enchanter on Sept 20, 2014.
             Was an Initiate of Dithmenos.
             Killed by divine providence
             ... invoked by an orc priest
              (12 damage)
             ... on Level 6 of the Dungeon.
             The game lasted 00:28:33 (4971 turns).

CrazyArbalest the Covert (Spriggan Enchanter)       Turns: 4971, Time: 00:28:34

HP  -1/34        AC  7     Str  5      XL: 7   Next: 49%
MP  20/20        EV 22     Int 17      God: Dithmenos [......]
Gold 108         SH  0     Dex 17      Spells:  4 memorised,  2 levels left

rFire  . . .     SeeInvis +     a - +0 cutlass
rCold  . . .     Clarity  .     G - +1 robe
rNeg   . . .     rCorr    .     (shield restricted)
rPois  .         rRot     .     (helmet restricted)
rElec  .         Spirit   .     (no cloak)
SustAb .         Warding  .     (gloves unavailable)
rMut   .         Stasis   .     (boots unavailable)
Gourm  .                        (no amulet)
MR     +....                    F - ring of stealth
                                w - +4 ring of protection

@: very quick, somewhat resistant to hostile enchantments, quite stealthy
A: unfitting armour, see invisible, herbivore 3, speed 3, slow metabolism 2
a: Renounce Religion


You were on level 6 of the Dungeon.
You worshipped Dithmenos.
Dithmenos was noncommittal.
You were hungry.

You visited 2 branches of the dungeon, and saw 7 of its levels.

You collected 108 gold pieces.

Inventory:

Hand weapons
 a - a +0 cutlass (weapon)
 b - a +2 hand crossbow of velocity
 x - a +1 dagger
Missiles
 k - 30 bolts
Armour
 G - a +1 robe (worn)
Comestibles
 f - 7 fruits
 h - 5 bread rations
 E - a slice of pizza
Scrolls
 e - 3 scrolls of remove curse {unknown}
 n - 2 scrolls of fear {unknown}
 o - 2 scrolls of magic mapping {unknown}
 p - 2 scrolls of random uselessness {unknown}
 s - 4 scrolls of enchant armour {unknown}
 v - 3 scrolls of identify {unknown}
 D - a scroll of fog {unknown}
 H - a scroll of recharging {unknown}
 J - a scroll of acquirement {unknown}
Jewellery
 i - a +5 ring of dexterity
 u - an uncursed amulet of resist mutation
 w - a +4 ring of protection (left hand)
 A - a +2 ring of protection
 F - a ring of stealth (right hand)
Potions
 d - 2 potions of porridge
 g - a potion of brilliance {unknown}
 j - 2 potions of cure mutation {unknown}
 l - a potion of might {unknown}
 m - 2 potions of flight {unknown}
 q - a potion of restore abilities {unknown}
 r - a potion of confusion {unknown}
 t - 2 potions of heal wounds {unknown}
 z - 7 potions of curing {unknown}
 B - a potion of degeneration {unknown}
 C - a potion of poison {unknown}
 I - a potion of haste {unknown}
Books
 c - a book of Maledictions

   Spells                             Type                      Level
   *Corona                            Hexes                        1
   *Sure Blade                        Hexes/Charms                 2
   Ensorcelled Hibernation            Hexes/Ice                    2
   *Confuse                           Hexes                        3
   Dazzling Spray                     Conjuration/Hexes            3
   *Enslavement                       Hexes                        4
 y - a book of Wizardry

   Spells                             Type                      Level
   Agony                              Necromancy                   5
   Force Lance                        Conjuration                  5
   Dispersal                          Translocation                6
   Haste                              Charms                       6
   Invisibility                       Hexes                        6
   Spellforged Servitor               Conjuration/Summoning        7


   Skills:
 + Level 1.7 Fighting
 + Level 3.8 Short Blades
 * Level 2.4 Crossbows
 + Level 7.0 Dodging
 + Level 8.1 Stealth
 + Level 3.0 Spellcasting
 + Level 4.1 Hexes


You had 2 spell levels left.
You knew the following spells:

 Your Spells              Type           Power        Failure   Level  Hunger
a - Corona                Hex            ###....      3%          1    None
b - Confuse               Hex            ###.....     12%         3    ###....
c - Sure Blade            Hex/Chrm       #.........   14%         2    ##.....
d - Enslavement           Hex            ###.....     38%         4    ####...


Dungeon Overview and Level Annotations

Branches:
Dungeon (6/15)             Temple (1/1) D:4

Altars:
Ashenzari
Cheibriados
Dithmenos
Elyvilon
Fedhas
Kikubaaqudgha
Makhleb
Nemelex Xobeh
Okawaru
Qazlal
Sif Muna
Trog
Vehumet
Xom
Yredelemnul
Zin
The Shining One


Innate Abilities, Weirdness & Mutations

You are tiny and cannot use many weapons and most armour.
You have supernaturally acute eyesight.
You are a herbivore.
You cover ground extremely quickly.
You need consume almost no food.


Message History

You barely miss the orc priest.
The orc priest is heavily wounded.
The orc priest completely misses you.
You hit the orc priest.
The orc priest is severely wounded.
The orc priest's eyes start to glow.
You hit the orc priest.
The orc priest is almost dead.
The orc priest misses you.
You barely miss the orc priest.
The orc priest is almost dead.
The orc priest misses you.
You hit the orc priest but do no damage.
The orc priest is almost dead.
The orc priest completely misses you.
You closely miss the orc priest.
The orc priest is almost dead.
The orc priest calls down the wrath of Beogh upon you.
Something smites you!
You die...

##..## ##.....#
##.o### ##.....##
##.o.##### #....###
###.....######....#
####............##
####..........##
##...####...# ##o.#
##..# #@).# ##...#
########..## #.##
#####.........# #..
#............## #..
#.############ #
###


You could see an orc priest.

Vanquished Creatures
  The ghost of bullock the Ruinous, an average DEWz of Sif Muna (D:4)
  An ice beast (D:5)
  The ghost of teukkam the Grasshopper, a weakling DrWr (D:3)
  A crimson imp (D:5)
  A gnoll shaman (D:5)
  A hound (D:4)
  An orc priest (D:6)
  A centaur skeleton (D:4)
  3 worker ants
  4 adders
  4 gnolls (D:5)
  2 giant mites
  An inept feature mimic (D:2)
  5 worms
  3 giant geckos
  An ooze (D:2)
  10 orcs
  6 bats
  7 giant cockroaches
  14 goblins
  11 hobgoblins
  7 jackals
  3 ball pythons
  A giant newt (D:1)
  A giant newt zombie (D:3)
  A goblin skeleton (D:5)
  14 kobolds
  An orc skeleton (D:4)
  An orc zombie (D:5)
  3 quokkas
  7 rats
118 creatures vanquished.

Notes
Turn   | Place    | Note
--------------------------------------------------------------
     0 | D:1      | CrazyArbalest, the Spriggan Enchanter, began the quest for the Orb.
     0 | D:1      | Reached XP level 1. HP: 9/9 MP: 4/4
   224 | D:1      | Reached XP level 2. HP: 8/13 MP: 7/7
   831 | D:1      | Reached XP level 3. HP: 11/16 MP: 10/10
  1242 | D:2      | Reached skill level 5 in Stealth
  1577 | D:2      | Reached XP level 4. HP: 19/21 MP: 13/13
  1678 | D:2      | Found a sparkling altar of Nemelex Xobeh.
  1853 | D:3      | Noticed teukkam's ghost (weakling DrWr)
  2366 | D:3      | Reached skill level 6 in Stealth
  2505 | D:3      | Reached XP level 5. HP: 23/25 MP: 16/16
  2507 | D:3      | Reached skill level 1 in Fighting
  2886 | D:4      | Found a staircase to the Ecumenical Temple.
  2902 | D:4      | Noticed bullock's ghost (average DEWz)
  2907 | Temple   | Entered the Ecumenical Temple
  2996 | Temple   | Became a worshipper of Dithmenos the Shadowed
  3118 | D:4      | Reached skill level 5 in Dodging
  3637 | D:4      | Reached XP level 6. HP: 12/30 MP: 18/18
  3680 | D:5      | Entered Level 5 of the Dungeon
  4113 | D:5      | Reached skill level 7 in Stealth
  4293 | D:5      | Reached skill level 1 in Crossbows
  4401 | D:5      | Learned a level 3 spell: Confuse
  4404 | D:5      | Learned a level 2 spell: Sure Blade
  4409 | D:5      | Learned a level 4 spell: Enslavement
  4515 | D:4      | Killed bullock's ghost
  4515 | D:4      | Reached XP level 7. HP: 29/33 MP: 20/20
  4599 | D:3      | Killed teukkam's ghost
  4599 | D:3      | Reached skill level 8 in Stealth
  4971 | D:6      | Killed from afar by an orc priest

Action                   |  1- 3 |  4- 6 |  7- 9 || total
-------------------------+-------+-------+-------++-------
Melee: Dagger            |   104 |   180 |       ||   284
       Cutlass           |       |   112 |    50 ||   162
 Fire: Hand crossbow     |       |    20 |    11 ||    31
 Stab: Sleeping          |    11 |    24 |       ||    35
  Eat: Fruit             |       |     1 |       ||     1
